 Dungeon Crawl Stone Soup version 0.25.0-10-g039870ee82 (webtiles) character file.

Game seed: 6115036479031102004

3418 Krehm the Purveyor of Pain (level 9, -1/57 HPs)
             Began as a Vampire Necromancer on June 22, 2020.
             Was an Initiate of Kikubaaqudgha.
             Shot with an arrow by a centaur (10 damage)
             ... on level 7 of the Dungeon.
             The game lasted 00:55:40 (8220 turns).

Krehm the Purveyor of Pain (Vampire Necromancer)    Turns: 8220, Time: 00:55:41

Health: -1/57      AC:  4    Str:  7    XL:     9   Next: 76%
Magic:  20/21      EV: 16    Int: 20    God:    Kikubaaqudgha [......]
Gold:   340        SH:  0    Dex: 15    Spells: 12/25 levels left

rFire    . . .     SeeInvis +   a - +2 hunting sling (vorpal)
rCold    . . .     Gourm    .   (no shield)
rNeg     . . .     Faith    .   k - +0 leather armour (curse)
rPois    .         Spirit   .   (no helmet)
rElec    .         Reflect  .   (no cloak)
rCorr    .         Harm     .   (no gloves)
MR       +....                  p - +0 pair of boots
Stlth    ++........             (no amulet)
HPRegen  0.39/turn              r - +4 ring of evasion
MPRegen  0.17/turn              z - ring of protection from magic

@: lethally poisoned (-1 -> -1), regenerating quickly
A: no food, fangs 3, see invisible, unbreathing
a: Exsanguinate, Renounce Religion


You were on level 7 of the Dungeon.
You worshipped Kikubaaqudgha.
Kikubaaqudgha was noncommittal.
You were alive.

You visited 2 branches of the dungeon, and saw 9 of its levels.

You collected 340 gold pieces.

Inventory:

Hand Weapons
 a - a +2 vorpal hunting sling (weapon)
 t - a +2 vorpal dire flail
 v - a +3 dagger
Missiles
 b - 82 stones (quivered)
 o - 41 poisoned darts
Armour
 k - a cursed +0 leather armour (worn)
 p - a +0 pair of boots (worn)
Jewellery
 r - a +4 ring of evasion (left hand)
 u - an uncursed ring of flight
 z - a ring of protection from magic (right hand)
Wands
 s - a wand of flame (15)
Scrolls
 c - 3 scrolls of enchant armour {unknown}
 d - a scroll of fog {unknown}
 g - 3 scrolls of teleportation {unknown}
 j - a scroll of magic mapping
 w - 3 scrolls of blinking
 x - a scroll of noise {unknown}
Potions
 e - a potion of heal wounds
 f - a potion of stabbing
 h - a potion of ambrosia {unknown}
 i - 2 potions of brilliance
 l - 4 potions of curing
 m - a potion of haste {unknown}
 n - 2 potions of berserk rage
 q - a potion of degeneration {unknown}


   Skills:
 - Level 2.1 Dodging
 - Level 3.0 Stealth
 + Level 8.5 Spellcasting
 + Level 3.7 Summonings
 + Level 10.7 Necromancy
 + Level 3.7 Ice Magic


You had 12 spell levels left.
You knew the following spells:

 Your Spells              Type           Power        Failure   Level  Hunger
a - Pain                  Necr           ####         1%          1    N/A
b - Animate Skeleton      Necr           N/A          1%          1    N/A
c - Vampiric Draining     Necr           ######....   1%          3    N/A
d - Animate Dead          Necr           N/A          1%          4    N/A
e - Summon Ice Beast      Ice/Summ       ###.....     26%         4    N/A

Your spell library contained the following spells:

 Spells                   Type           Power        Failure   Level  Hunger
 Freeze                   Ice            ###.         2%          1    N/A
 Agony                    Necr           ######..     4%          5    N/A
 Frozen Ramparts          Ice            ###...       8%          3    N/A
 Ozocubu's Armour         Chrm/Ice       ###.....     17%         3    N/A
 Hailstorm                Conj/Ice       ###.....     50%         4    N/A

Dungeon Overview and Level Annotations

Branches:
Dungeon (8/15)             Temple (1/1) D:5
   Lair: D:8-11

Altars:
Ashenzari
Cheibriados
Elyvilon
Fedhas
Hepliaklqana
Kikubaaqudgha
Makhleb
Nemelex Xobeh
Okawaru
Qazlal
Ru
Sif Muna
Trog
Uskayaw
Vehumet
Wu Jian
Xom
The Shining One

Annotations:
D:4 1 runed translucent door, happy's ghost, novice FoCj
D:5 exclusions: 3 doors and hornet
D:6 Menkaure


Innate Abilities, Weirdness & Mutations

You do not eat.
Your natural rate of healing is unusually fast.
You have razor-sharp teeth.
You have supernaturally acute eyesight. (SInv)
You can survive without breathing.


Message History

The centaur wields a +0 shortbow.
The centaur shoots an arrow.
The arrow hits you!
The centaur shoots an arrow.
The arrow hits you.
You see here an arrow.
You feel sick.
The centaur shoots an arrow.
The arrow hits you!
The centaur shoots an arrow.
The arrow completely misses you.
You see here 2 arrows.
The centaur shoots an arrow.
The arrow hits you!
* * * LOW HITPOINT WARNING * * *
You see here an arrow.
You feel sick.
The centaur shoots an arrow.
The arrow barely misses you.
You see here 3 arrows.
You see here an arrow.
The centaur shoots an arrow.
The arrow completely misses you.
You see here an arrow.
You feel sick.
You see here 2 chunks of flesh.
The centaur shoots an arrow.
The arrow hits you!
You die...
Kikubaaqudgha rasps: "You have failed me!
Welcome... death!"

#. #. ### ######
#.##.# #<..)#
#.#..######@#
#+#+#(.(c.(((.%.#
........((#######
......_..(#
....._8_..#
......_†(.## .#
...(.......####
.#
......##......#
.# ...(?.
#...##.#####.#


You could see a centaur.

Vanquished Creatures
  Pikel (D:5)
  Prince Ribbit (D:5)
  A hippogriff (D:8)
  Eustachio (D:5)
  A steam dragon (D:8)
  Edmund (D:4)
  A water moccasin (D:7)
  A sky beast (D:5)
  4 ice beasts
  2 phantoms
  3 centaurs
  2 ogres
  A big kobold (D:8)
  A bullfrog (D:6)
  A scorpion (D:8)
  A water moccasin skeleton (D:8)
  A crimson imp (D:6)
  A centaur zombie (D:6)
  2 hounds
  4 orc priests
  6 orc wizards
  A centaur skeleton (D:3)
  6 worker ants
  A killer bee zombie (D:6)
  A worker ant zombie (D:6)
  9 gnolls (D:4)
  6 adders
  3 worms
  3 dart slugs
  5 leopard geckos
  16 orcs
  4 bats
  5 giant cockroaches
  7 goblins
  3 hobgoblins
  9 jackals
  17 kobolds
  3 quokkas
  A ball python (D:1)
  3 frilled lizards
  2 leopard gecko skeletons
  2 leopard gecko zombies (D:3)
  A quokka skeleton (D:3)
  A quokka zombie (D:3)
  5 rats
151 creatures vanquished.

Vanquished Creatures (collateral kills)
  A scorpion (D:4)
  An orc wizard (D:4)
  A worker ant (D:4)
  A gnoll (D:4)
  A howler monkey skeleton (D:4)
  An adder (D:4)
  A leopard gecko (D:1)
  An orc (D:3)
  A goblin (D:1)
  A hobgoblin (D:1)
  A kobold (D:2)
11 creatures vanquished.

Vanquished Creatures (others)
  A slave (D:6)
  An adder (D:6)
  2 orcs (D:6)
4 creatures vanquished.

Grand Total: 166 creatures vanquished

Notes
Turn   | Place    | Note
-------+----------+-------------------------------------------
     0 | D:1      | Krehm the Vampire Necromancer began the quest for the Orb.
     0 | D:1      | Reached XP level 1. HP: 13/13 MP: 3/3
   207 | D:1      | Reached XP level 2. HP: 2/19 MP: 0/5
   277 | D:1      | Learned a level 1 spell: Animate Skeleton
   892 | D:1      | Reached XP level 3. HP: 24/24 MP: 7/7
   986 | D:1      | Reached skill level 5 in Necromancy
   991 | D:1      | Learned a level 3 spell: Vampiric Draining
  1955 | D:2      | Reached XP level 4. HP: 26/30 MP: 1/8
  2456 | D:3      | Reached XP level 5. HP: 33/35 MP: 3/10
  2462 | D:3      | Learned a level 4 spell: Animate Dead
  2488 | D:3      | Reached skill level 6 in Necromancy
  3115 | D:4      | Found a stormy altar of Qazlal.
  3177 | D:4      | Noticed an ogre
  3192 | D:4      | Killed an ogre
  3315 | D:4      | Reached XP level 6. HP: 41/41 MP: 12/12
  3509 | D:4      | Found a runed translucent door.
  3519 | D:4      | Noticed happy's ghost (novice FoCj)
  3762 | D:4      | Reached skill level 7 in Necromancy
  3771 | D:4      | Reached skill level 5 in Spellcasting
  3829 | D:4      | Found a shattered altar of Ashenzari.
  3835 | D:4      | Noticed Edmund
  3997 | D:4      | Reached XP level 7. HP: 39/46 MP: 10/14
  4013 | D:4      | Killed Edmund
  4699 | D:5      | Entered Level 5 of the Dungeon
  4765 | D:5      | Found a staircase to the Ecumenical Temple.
  4791 | Temple   | Entered the Ecumenical Temple
  5114 | D:5      | Noticed Prince Ribbit
  5124 | D:5      | Killed Prince Ribbit
  5124 | D:5      | Reached skill level 8 in Necromancy
  5299 | D:5      | Noticed Eustachio
  5491 | D:5      | Killed Eustachio
  5491 | D:5      | Reached XP level 8. HP: 43/52 MP: 13/17
  5701 | D:5      | Reached skill level 9 in Necromancy
  5839 | D:5      | Noticed a hornet
  6461 | D:6      | Learned a level 4 spell: Summon Ice Beast
  6690 | D:6      | You fall into a shaft and drop 2 floors!
  6886 | D:8      | Reached skill level 10 in Necromancy
  7044 | D:8      | Reached skill level 1 in Summonings
  7044 | D:8      | Reached skill level 1 in Ice Magic
  7044 | D:8      | Reached XP level 9. HP: 41/57 MP: 10/20
  7656 | D:6      | Noticed Pikel
  7677 | D:5      | Killed Pikel
  7968 | D:6      | Noticed Menkaure
  8016 | D:7      | Found a shimmering blue altar of Sif Muna.
  8017 | D:7      | Found an iron altar of Okawaru.
  8020 | D:7      | Found an ancient bone altar of Kikubaaqudgha.
  8020 | D:7      | Found a burning altar of Makhleb.
  8195 | D:7      | Became a worshipper of Kikubaaqudgha
  8220 | D:7      | Shot with an arrow by a centaur

Illustrated notes

Levels and vault maps discovered:
D:1:      dpeg_arrival_tiny_a, layout_basic
D:2:      layout_loops_cross, first_ration
D:3:      layout_rooms, serial_undead, serial_undead_d, serial_undead_a,
          serial_undead_b, serial_undead_d, grunt_ministairs_9,
          nrook_mini_vaults, corexii_hall_statues_s, due_unseen_surprise
D:4:      layout_cave_pods, cheibrodos_ashenzari_chains,
          nicolae_qazlal_general_emergency, ebering_ghost_sewer_d, uniq_edmund
D:5:      kennysheep_big_flooded_room, layout_rooms, minmay_temple_entry_mist,
          serial_rivers, chequers_serial_rivers_small_a,
          chequers_serial_rivers_micro_a, chequers_serial_rivers_small_a,
          chequers_serial_rivers_small_b, kennysheep_doodads,
          uniq_prince_ribbit1, uniq_eustachio
D:6:      layout_basic, serial_rivers, chequers_serial_rivers_micro_d,
          chequers_serial_rivers_micro_d, chequers_serial_rivers_micro_b,
          chequers_serial_rivers_large_a, uniq_menkaure, uniq_pikel
D:7:      layout_basic, grunt_temple_overflow_gold_and_silver,
          chequers_temple_overflow_statue_of_worship, grunt_livestock,
          uniq_duvessa, uniq_crazy_yiuf_cottage
D:8:      layout_cave_pods, overflow_temple_1_default,
          hangedman_abyss_or_decor_stabs
Temple:   nicolae_temple_hex_pool

Skill      XL: |  1  2  3  4  5  6  7  8  9 |
---------------+----------------------------+-----
Necromancy     | 5 6 7 8 10 | 10.7
Spellcasting   | 3 4 5 6 7 8 |  8.5
Summonings     | 1 3 |  3.7
Ice Magic      | 1 3 |  3.7
Dodging        | |  2.1
Stealth        | |  3.0

Action                   |  1- 3 |  4- 6 |  7- 9 || total
-------------------------+-------+-------+-------++-------
Melee: Unarmed           |    15 |       |       ||    15
       Bite              |     7 |     1 |       ||     8
       Dagger            |    55 |    43 |     8 ||   106
 Fire: Hunting sling     |       |   176 |   405 ||   581
 Cast: Pain              |    55 |    10 |     1 ||    66
       Animate Skeleton  |    18 |     7 |    12 ||    37
       Vampiric Draining |       |     8 |    53 ||    61
  Use: Scroll            |     1 |     8 |     3 ||    12
       Potion            |       |     3 |       ||     3
 Stab: Sleeping          |     3 |     1 |     2 ||     6
Armor: Robe              |    12 |       |       ||    12
       Leather armour    |     3 |    20 |    41 ||    64
       Skin              |       |    10 |       ||    10
Dodge: Dodged            |    38 |    85 |   271 ||   394
